 Dungeon Crawl Stone Soup version 0.24.0-10-g970556be89 (webtiles) character file.

Game seed: 13283708041935779077, levelgen mode: deterministic

3650 LostNumber the Slinger (level 10, -3/68 HPs)
             Began as an Octopode Hunter on Nov 3, 2019.
             Was an Elder of Okawaru.
             Slain by a troll (14 damage)
             ... on level 9 of the Dungeon.
             The game lasted 00:11:00 (8541 turns).

LostNumber the Slinger (Octopode Hunter)            Turns: 8541, Time: 00:11:01

Health: -3/68      AC:  2    Str: 14    XL:     10   Next: 12%
Magic:  14/14      EV: 14    Int: 15    God:    Okawaru [****..]
Gold:   586        SH: 16    Dex: 14    Spells: 9/9 levels left

rFire    . . .     SeeInvis .   u - +2 spear (vamp) {!w}
rCold    . . .     Gourm    +   m - +0 large shield
rNeg     . . .     Faith    .   i - +1 hat
rPois    .         Spirit   .   w - amulet of the gourmand
rElec    .         Reflect  .   (no ring)
rCorr    .         Harm     .   D - +2 ring of strength
MR       .....                  (no ring)
Stlth    ++++++....             (no ring)
HPRegen  0.21/turn              (no ring)
MPRegen  0.14/turn              (no ring)
                                (no ring)
                                (no ring)

@: heroism
A: almost no armour, stealthy swim, amphibious, 8 rings, constrict 8, camouflage
1, gelatinous body 1
a: Heroism, Renounce Religion


You were on level 9 of the Dungeon.
You worshipped Okawaru.
Okawaru was greatly pleased with you.
You were completely stuffed.

You visited 1 branch of the dungeon, and saw 9 of its levels.

You collected 586 gold pieces.

Inventory:

Hand Weapons
 a - a +1 hunting sling
 b - a +0 short sword
 u - a +2 vampiric spear (weapon) {!w}
   (You found it on level 4 of the Dungeon)
Missiles
 c - 91 sling bullets
 f - 258 stones (quivered)
 A - a throwing net {!f}
Armour
 i - a +1 hat (worn)
   (You found it on level 1 of the Dungeon)
 m - a +0 large shield (worn)
   (You found it on level 1 of the Dungeon)
Jewellery
 r - an uncursed ring of ice
   (You found it on level 4 of the Dungeon)
 w - an amulet of the gourmand (around mantle)
   (You found it on level 4 of the Dungeon)
 D - a +2 ring of strength (right tentacle)
   (You found it on level 5 of the Dungeon)
Wands
 d - a wand of iceblast (9)
   (You took it off Ijyb on level 3 of the Dungeon)
 h - a wand of polymorph (6)
   (You found it on level 2 of the Dungeon)
 t - a wand of flame (6)
   (You found it on level 8 of the Dungeon)
 x - a wand of acid (8)
   (You found it on level 3 of the Dungeon)
 z - a wand of enslavement (6)
   (You found it on level 4 of the Dungeon)
Scrolls
 j - 5 scrolls of amnesia
 k - 2 scrolls of immolation {!r}
 l - 4 scrolls of identify {@r1}
 n - 2 scrolls of teleportation {@r4}
 p - 3 scrolls of remove curse {@r2}
 q - 2 scrolls of enchant weapon
 v - 2 scrolls of fog
 y - a scroll of enchant armour
 B - a scroll of blinking
 C - 2 scrolls of magic mapping
Potions
 g - 4 potions of curing {@q1}
 o - 2 potions of flight
 E - a potion of haste {@q3}
Comestibles
 e - 18 rations {!d}
 s - 11 chunks of flesh


   Skills:
 + Level 5.7(10.7) Fighting
 - Level 2.0(7.0) Short Blades
 + Level 4.5(9.5) Polearms
 * Level 8.7(13.7) Slings
 - Level 2.0(7.0) Dodging
 + Level 7.8(12.8) Stealth
 + Level 5.2(10.2) Shields
 + Level 5.4 Invocations


You had 9 spell levels left.
You didn't know any spells.
Your spell library contained the following spells:

 Spells                   Type           Power        Failure   Level  Hunger
 Freeze                   Ice            #...         88%         1    ##.....
 Magic Dart               Conj           #...         88%         1    ##.....
 Searing Ray              Conj           #.....       95%         2    ###....
 Throw Frost              Conj/Ice       #.....       95%         2    ###....
 Dazzling Spray           Conj/Hex       #.....       99%         3    ####...
 Ozocubu's Armour         Chrm/Ice       #.......     99%         3    ####...
 Force Lance              Conj/Tloc      #.......     100%        4    #####..
 Fulminant Prism          Conj/Hex       #.........   100%        4    #####..
 Iskenderun's Mystic Bla  Conj           #.......     100%        4    #####..
 Summon Ice Beast         Ice/Summ       #.......     100%        4    #####..
 Throw Icicle             Conj/Ice       #.......     100%        4    #####..


Dungeon Overview and Level Annotations

Branches:
Dungeon (9/15)             Temple (0/1) D:5
   Lair: D:8-11         Orc: D:9-12

Altars:
Ashenzari
Gozag
Kikubaaqudgha
Makhleb
Okawaru
Sif Muna
Uskayaw
Wu Jian
Yredelemnul
Zin

Shops:
D:3 *   D:4 [

Annotations:
D:7 Dowan, Duvessa


Innate Abilities, Weirdness & Mutations

You cannot wear most types of armour.
You are very stealthy in the water. (Stealth+)
You are amphibious.
You can wear up to eight rings at the same time.
You can use your tentacles to constrict eight enemies at once.
Your skin changes colour to match your surroundings (Stealth+).
Your rubbery body absorbs attacks. (AC +1, EV +1)


Message History

You hit the hound.
You feel better.
You grab the hound. You squeeze the hound. You constrict the hound.
The hound bites you. You block the hound's attack.
You completely miss the hound. You constrict the hound. The hound bites you.
You hit the hound. You constrict the hound. The hound bites you.
The hound closely misses you.
You hit the hound.
You feel better.
You kill the hound!
Okawaru accepts your kill.
No target in view!
There is a large open door, spattered with blood here.
A troll comes into view.
A troll is nearby!
A troll is nearby!
A killer bee comes into view.
Found 17 gold pieces.
Found 21 gold pieces.
You gain the combat prowess of a mighty hero.
Some of the chunks of flesh in your inventory have rotted away.
The killer bee buzzes angrily.
The troll shouts!
You block the killer bee's attack.
There is a large open door, spattered with blood here.
You block the killer bee's attack. You block the killer bee's attack.
You block the killer bee's attack. You block the killer bee's attack.
You hit the killer bee.
You feel better.
You grab the killer bee. You squeeze the killer bee.
You constrict the killer bee. You block the killer bee's attack.
The killer bee misses you.
Your shield prevents you from hitting the killer bee.
You squeeze the killer bee, but do no damage.
You constrict the killer bee. The killer bee closely misses you.
You barely miss the killer bee. You constrict the killer bee.
You block the killer bee's attack. The killer bee closely misses you.
You puncture the killer bee!
You kill the killer bee!
Okawaru accepts your kill.
You puncture the troll! You block the troll's attack. The troll claws you!
You block the troll's attack.
You closely miss the troll. Your squeeze misses the troll.
You block the troll's attack. The troll claws you! x2
* * * LOW HITPOINT WARNING * * *
You hit the troll. You puncture the troll!
You feel better.
You squeeze the troll!
You block the troll's attack. x2; The troll closely misses you.
Unknown command.
You closely miss the troll. The troll bites you!
* * * LOW HITPOINT WARNING * * *
You block the troll's attack. x2
You barely miss the troll. You block the troll's attack. The troll claws you!
You die...

P≈≈≈≈♣.####.......######
≈≈≈P≈≈...........##....##
≈≈≈P≈♣..........##......##
≈≈≈♣≈#.........##..#$$#..#
P≈...#..........'..$# $..#
♣....#..........T..$##$..#
.....#.........##..#$$#..+
.....#.........†##......#
..... .........T@##....##
+################


You could see a troll.

Vanquished Creatures
  A two-headed ogre (D:5)
  A sky beast (D:6)
  2 necrophages
  3 orc warriors (D:6)
  A phantom (D:4)
  5 ogres
  4 centaurs
  A big kobold (D:6)
  4 bullfrogs
  2 scorpions (D:7)
  A killer bee (D:9)
  A howler monkey (D:7)
  An electric eel (D:9)
  2 crimson imps (D:7)
  A hound (D:9)
  A gnoll shaman (D:5)
  A jelly (D:8)
  10 orc wizards
  A bullfrog skeleton (D:5)
  An orc priest (D:9)
  Jessica (D:3)
  Ijyb (D:3)
  3 iguanas
  7 worker ants
  A hound zombie (D:8)
  A howler monkey skeleton (D:7)
  7 gnolls (D:5)
  6 adders
  4 worms
  6 dart slugs
  5 leopard geckos
  24 orcs
  6 bats (D:1)
  5 giant cockroaches
  7 goblins
  10 hobgoblins
  7 jackals
  14 kobolds
  6 quokkas
  A ball python (D:2)
  7 frilled lizards
  A quokka zombie (D:5)
  11 rats
185 creatures vanquished.

Notes
Turn   | Place    | Note
-------+----------+-------------------------------------------
     0 | D:1      | LostNumber the Octopode Hunter began the quest for the Orb.
     0 | D:1      | Reached XP level 1. HP: 14/14 MP: 1/1
   155 | D:1      | Reached XP level 2. HP: 19/19 MP: 2/2
   448 | D:1      | Reached XP level 3. HP: 24/24 MP: 3/3
   924 | D:2      | Reached skill level 1 in Shields
  1165 | D:2      | Found an opulent altar of Gozag.
  1302 | D:2      | Reached skill level 1 in Short Blades
  1389 | D:2      | Reached XP level 4. HP: 30/30 MP: 4/4
  1845 | D:2      | Found a hide-covered altar of Uskayaw.
  1845 | D:2      | Found an iron altar of Okawaru.
  1850 | D:2      | Found an ancient bone altar of Kikubaaqudgha.
  1853 | D:2      | Found a shimmering blue altar of Sif Muna.
  1861 | D:2      | Became a worshipper of Warmaster Okawaru
  1867 | D:2      | Found a burning altar of Makhleb.
  2008 | D:3      | Found an ornate altar of the Wu Jian Council.
  2181 | D:3      | Noticed Jessica
  2187 | D:3      | Killed Jessica
  2187 | D:3      | Reached XP level 5. HP: 19/35 MP: 5/5
  2605 | D:3      | Found Zin's Purification Station.
  2606 | D:3      | Found a glowing silver altar of Zin.
  2606 | D:3      | Noticed Ijyb
  2626 | D:3      | Killed Ijyb
  2881 | D:3      | Reached skill level 1 in Invocations
  2887 | D:3      | Reached skill level 5 in Slings
  3016 | D:4      | Found Damamm's Armour Shoppe.
  3023 | D:4      | Noticed a phantom
  3042 | D:4      | Killed a phantom
  3042 | D:4      | Reached * piety under Okawaru
  3042 | D:4      | Reached XP level 6. HP: 34/42 MP: 5/7
  3356 | D:4      | Reached XP level 7. HP: 46/46 MP: 8/8
  3678 | D:4      | Reached skill level 1 in Polearms
  4476 | D:5      | Entered Level 5 of the Dungeon
  4593 | D:5      | Reached skill level 6 in Slings
  4948 | D:5      | HP: 2/47 [gnoll/+0 spear (5)]
  5307 | D:5      | Reached XP level 8. HP: 54/54 MP: 10/10
  5348 | D:5      | Noticed a two-headed ogre
  5358 | D:5      | Killed a two-headed ogre
  5358 | D:5      | Reached ** piety under Okawaru
  5358 | D:5      | Reached skill level 7 in Slings
  5358 | D:5      | Reached skill level 5 in Stealth
  5499 | D:5      | Found a staircase to the Ecumenical Temple.
  5550 | D:5      | Found a basalt altar of Yredelemnul.
  5821 | D:6      | Reached XP level 9. HP: 34/59 MP: 10/12
  6266 | D:6      | Reached *** piety under Okawaru
  6544 | D:6      | Reached skill level 5 in Fighting
  6785 | D:6      | Found a shattered altar of Ashenzari.
  7230 | D:6      | Reached skill level 8 in Slings
  7386 | D:7      | Noticed Duvessa
  7386 | D:7      | Noticed Dowan
  7802 | D:7      | Reached skill level 5 in Invocations
  8193 | D:8      | Reached skill level 5 in Shields
  8256 | D:8      | Reached XP level 10. HP: 67/67 MP: 13/13
  8360 | D:8      | Reached **** piety under Okawaru
  8541 | D:9      | Slain by a troll

Levels and vault maps discovered:
D:1:      lemuel_arrival_hallway, layout_basic, minmay_misc_feat_cross
D:2:      layout_basic, chequers_temple_overflow_minitemple, lemuel_round_altar
D:3:      layout_basic, old_standard_altar, zin_purify, uniq_jessica, uniq_ijyb
D:4:      layout_layer_cave, serial_shops, shop, chequers_serial_rivers_micro_e
D:5:      layout_cave_pods, lemuel_doored_altar, minmay_temple_entry_ruins,
          first_ration
D:6:      layout_basic, kennysheep_mini, minmay_unpleasant_kobolds
D:7:      layout_basic, uniq_duvessa
D:8:      layout_gridville
D:9:      minmay_polygon_palace, layout_stronghold, david_lair_shrubbed,
          serial_bayou, serial_bayou_lagoon_b, serial_bayou_pond_e,
          serial_bayou_ford_a, serial_bayou_pond_b, serial_bayou_pond_d,
          hangedman_fish_farm, fedhas_altar_1

Skill      XL: |  1  2  3  4  5  6  7  8  9 |
---------------+----------------------------+-----
Stealth        | 2 3 4 6 7 |  7.8
Shields        | 1 2 3 4 5 |  5.2
Short Blades   | 1 2 |  2.0
Invocations    | 1 2 3 4 5 |  5.4
Slings         | 5 6 7 8 |  8.7
Fighting       | 3 4 5 |  5.7
Polearms       | 2 3 4 |  4.5
Dodging        | |  2.0

Action                   |  1- 3 |  4- 6 |  7- 9 | 10-12 || total
-------------------------+-------+-------+-------+-------++-------
Melee: Short sword       |    68 |    77 |       |       ||   145
       Constrict         |    23 |    21 |    61 |    10 ||   115
       Tentacles         |    12 |    30 |    65 |    14 ||   121
       Spear             |       |    27 |   330 |    53 ||   410
       Punch             |       |       |     2 |       ||     2
 Fire: Hunting sling     |    15 |    37 |       |       ||    52
Invok: Heroism           |       |       |     4 |     2 ||     6
Evoke: Wand              |       |       |     4 |     1 ||     5
  Use: Scroll            |       |       |    12 |       ||    12
 Stab: Sleeping          |    12 |    12 |     8 |     2 ||    34
       Distracted        |       |       |     1 |       ||     1
  Eat: Chunk             |     1 |     7 |    29 |     1 ||    38
Armor: Skin              |    10 |     2 |    10 |       ||    22
Dodge: Dodged            |    12 |    23 |    68 |    12 ||   115
Block: Large shield      |    24 |    38 |   165 |    36 ||   263
